 Dungeon Crawl Stone Soup version 0.20.1-1-g8b1a95d (webtiles) character file.

49 anonim77778 the Skirmisher (level 3, 0/34 HPs)
             Began as a Minotaur Berserker on Aug 13, 2017.
             Was a Follower of Trog.
             Hit by a stone thrown by a hobgoblin (3 damage)
             ... on level 2 of the Dungeon.
             The game lasted 00:17:44 (464 turns).

anonim77778 the Skirmisher (Minotaur Berserker)      Turns: 464, Time: 00:17:45

Health: 0/34       AC:  1    Str: 21    XL:     3   Next: 51%
Magic:  2/2        EV: 12    Int:  4    God:    Trog [*.....]
Gold:   56         SH:  0    Dex: 10    Spells: 2/2 levels left

rFire    . . .     SeeInvis .   p - +0 halberd
rCold    . . .     Gourm    .   (shield currently unavailable)
rNeg     . . .     Faith    .   b - +0 animal skin
rPois    .         Spirit   .   (helmet restricted)
rElec    .         Reflect  .   (no cloak)
rCorr    .         Harm     .   (no gloves)
MR       .....                  (no boots)
Stlth    +.........             (no amulet)
Regen    0.2/turn               (no ring)
MPRegen  0.1/turn               (no ring)

@: flying (expiring)
A: retaliatory headbutt, horns 2, blink, deformed body
a: Blink, Berserk, Burn Spellbooks, Renounce Religion


You were on level 2 of the Dungeon.
You worshipped Trog.
Trog was aware of your devotion.
You were not hungry.

You visited 1 branch of the dungeon, and saw 2 of its levels.

You collected 56 gold pieces.

Inventory:

Hand Weapons
 a - a +0 spear
 e - a +0 club
 g - a +0 club
 h - a +0 dagger
 j - a +0 mace
 n - a +0 halberd
 o - a +0 halberd
 p - a +0 halberd (weapon)
Missiles
 d - 19 arrows
 m - 34 poisoned needles
 q - a throwing net (quivered)
Armour
 b - a +0 animal skin (worn)
 s - a +0 leather armour
Scrolls
 f - a scroll of teleportation {unknown}
Potions
 i - a potion of curing {unknown}
 k - a potion of flight
 l - a potion of agility {unknown}
 r - a potion of resistance {unknown}
Comestibles
 c - a bread ration


   Skills:
 + Level 4.6 Fighting
 + Level 4.4 Polearms
 + Level 2.8 Armour
 + Level 2.3 Dodging


You had 2 spell levels left.
You didn't know any spells.

Dungeon Overview and Level Annotations

Branches:
Dungeon (2/15)

Altars:


Innate Abilities, Weirdness & Mutations

You reflexively headbutt those who attack you in melee.
You have a pair of horns on your head.
You can translocate small distances at will.
Armour fits poorly on your strangely shaped body.


Message History

You see here a stone.
The hobgoblin throws a stone.
The stone hits you but does no damage.
Things that are here:
a stone; a metallic silvery potion
r - a metallic silvery potion The hobgoblin throws a stone.
The stone hits you.
* * * LOW HITPOINT WARNING * * *
You are starting to lose your buoyancy.
You recover from your berserk rage.
The hobgoblin throws a stone.
The stone misses you.
Found 15 gold pieces.
You see here a stone.
The hobgoblin throws a stone.
The stone closely misses you.
The hobgoblin throws a stone.
The stone barely misses you.
You see here a stone.
Things that are here:
a stone; a leather armour
s - a leather armour The hobgoblin throws a stone.
The stone hits you.
You die...

. .#.. ##. ...#
#.. #g.# #.# #..#
. ## #.# #..###...
#. #.# ###>.....#
.. #.###g((.# #.
#(.(..#..########.
#@#####.........#.
#.$.# #.........#.
#...#.#
#.......†...
#.###.#
###.......†.#. #
#.# #...........#.
#.##..##........##
#.##.# ##..######
#.#.< ##..# ...
##..#


You could see a hobgoblin.

Vanquished Creatures
  3 gnolls (D:2)
  A ball python (D:2)
  2 bats (D:1)
  2 giant cockroaches
  A hobgoblin (D:1)
  7 frilled lizards
  3 goblins (D:1)
  A kobold (D:1)
  2 rats
22 creatures vanquished.

Notes
Turn   | Place    | Note
-------+----------+-------------------------------------------
     0 | D:1      | anonim77778 the Minotaur Berserker began the quest for the Orb.
     0 | D:1      | Reached XP level 1. HP: 19/19 MP: 0/0
    79 | D:1      | Reached XP level 2. HP: 27/27 MP: 1/1
   357 | D:2      | Reached XP level 3. HP: 16/34 MP: 2/2
   410 | D:2      | HP: 2/51 [ball python (1)]
   417 | D:2      | Gained mutation: Armour fits poorly on your strangely shaped body. [potion of mutation]
   417 | D:2      | Gained mutation: You can translocate small distances at will. [potion of mutation]
   417 | D:2      | Gained mutation: You are clumsy. (Dex -2) [potion of mutation]
   417 | D:2      | Lost mutation: You are clumsy. (Dex -2) [potion of mutation]
   464 | D:2      | Hit by a stone thrown by a hobgoblin

Skill      XL: |  1  2 |
---------------+-------+-----
Fighting       | 4 |  4.6
Polearms       | 4 |  4.4
Armour         | |  2.8
Dodging        | |  2.3

Action                   || total
-------------------------++-------
Melee: Spear             ||    29
       Headbutt          ||     6
       Halberd           ||     6
Invok: Berserk           ||     3
  Use: Potion            ||     2
  Eat: Bread ration      ||     1
Armor: Animal skin       ||     4
Dodge: Dodged            ||    27
